 Dungeon Crawl Stone Soup version 0.26-a0-863-g3bff4b215c (webtiles) character file.

Game seed: 15208932866959785890

105 iamoutofideas the Magician (level 4, -3/36 HPs)
             Began as a Deep Elf Fire Elementalist on Nov 25, 2020.
             Slain by a worker ant (5 damage)
             ... on level 2 of the Dungeon.
             The game lasted 00:01:50 (2214 turns).

iamoutofideas the Magician (DEFE)                   Turns: 2214, Time: 00:01:51

Health: -3/36      AC:  3    Str:  5    XL:     4   Next: 54%
Magic:  1/12       EV: 13    Int: 21    God:
Gold:   153        SH:  0    Dex: 15    Spells: 11/12 levels left

rFire    + . .     SeeInvis .   (no weapon)
rCold    + . .     Faith    .   (no shield)
rNeg     . . .     Spirit   .   a - +0 robe
rPois    .         Reflect  .   d - +0 helmet
rElec    .         Harm     .   e - scarf {rC+ rF+}
rCorr    .         Rampage  .   (no gloves)
MR       .....                  (no boots)
Stlth    ..........             (no amulet)
HPRegen  0.12/turn              (no ring)
MPRegen  0.13/turn              (no ring)

@: mighty, berserking, very quick
A: no striking features
a: no special abilities


You were on level 2 of the Dungeon.
You visited 1 branch of the dungeon, and saw 3 of its levels.

You collected 153 gold pieces.

Inventory:

Armour
 a - a +0 robe (worn)
 d - a +0 helmet (worn)
 e - a scarf of resistance (worn)
 l - a +0 kite shield
Jewellery
 c - a cursed ring of attention {unknown}
Scrolls
 b - a scroll of immolation {unknown}
 f - 2 scrolls of noise {unknown}
 h - 2 scrolls of identify {unknown}
 j - a scroll of remove curse {unknown}
 n - a scroll of fog {unknown}
 o - a scroll of fear {unknown}
Potions
 i - 3 potions of curing
 m - a potion of resistance {unknown}


   Skills:
 + Level 2.5 Dodging
 + Level 2.7 Stealth
 + Level 4.7 Spellcasting
 + Level 2.5 Conjurations
 + Level 4.1 Fire Magic


You had 11 spell levels left.
You knew the following spells:

 Your Spells              Type           Power        Failure   Level
a - Foxfire               Conj/Fire      ###.         2%          1

Your spell library contained the following spells:

 Spells                   Type           Power        Failure   Level
 Conjure Flame            Conj/Fire      ###.....     9%          3
 Inner Flame              Hex/Fire       ##......     14%         3
 Sticky Flame             Conj/Fire      ###.....     28%         4
 Fireball                 Conj/Fire      ###.......   61%         5


Dungeon Overview and Level Annotations

Branches:
Dungeon (3/15)

Altars:
Fedhas
Wu Jian


Message History

You don't have enough magic to cast that spell.
It was a potion of might.
You feel very mighty all of a sudden. The worker ant closely misses you.
It was a potion of berserk rage.
A red film seems to cover your vision as you go berserk!
You feel yourself moving faster!
You feel mighty! The worker ant bites you.
You completely miss the worker ant.
The worker ant is lightly wounded.
The orc priest calls down the wrath of Beogh upon you.
Beogh smites you!
* * * LOW HITPOINT WARNING * * *
The worker ant bites you.
* * * LOW HITPOINT WARNING * * *
You hit the worker ant but do no damage.
The worker ant is lightly wounded.
You closely miss the worker ant.
The worker ant is lightly wounded.
The worker ant bites you.
You die...

##.# #.# #....♣♣♣≈≈ ...#
######.####.#.P≈P≈≈≈ ####
#...........#≈P≈≈P≈≈
#########.#>.....#..♣≈≈≈≈≈≈P
#.........#.##.#.#..........
#.##.#.####.##.#.#..≈≈≈P≈P≈P
#.##.#.# #o##.#.###≈≈P≈≈P≈♣
#.##...# #B##.#.# ##≈≈≈≈≈≈≈
#.###..## #@.....# ##♣♣♣P♣#
#.......# ##.....# #.#####
#.......# #.....# #......
#.##....# #.....# ##.#####
#.##....# #.....# #..#
#.......########## #.##
#.#####.......#### #[# #.#
#..##......# #.# #.#
#.....#.##.# #.#


You could see a worker ant and an orc priest.

Vanquished Creatures
  A scorpion (D:2)
  An adder (D:2)
  A worm (D:2)
  A dart slug (D:1)
  A leopard gecko (D:1)
  3 orcs (D:3)
  2 giant cockroaches
  8 hobgoblins
  2 quokkas (D:2)
  4 bats
  6 frilled lizards
  3 goblins
  2 kobolds
  10 rats
45 creatures vanquished.

Vanquished Creatures (collateral kills)
  8 foxfires (D:2)
8 creatures vanquished.

Vanquished Creatures (others)
  191 foxfires
191 creatures vanquished.

Grand Total: 244 creatures vanquished

Notes
Turn   | Place    | Note
-------+----------+-------------------------------------------
     0 | D:1      | iamoutofideas the Deep Elf Fire Elementalist began the
                  | quest for the Orb.
     0 | D:1      | Reached XP level 1. HP: 10/10 MP: 6/6
   109 | D:1      | Reached XP level 2. HP: 15/15 MP: 0/8
  1012 | D:2      | Reached XP level 3. HP: 19/19 MP: 1/10
  1368 | D:2      | Noticed a scorpion
  1377 | D:2      | Killed a scorpion
  1378 | D:2      | Reached XP level 4. HP: 24/24 MP: 2/12
  1480 | D:2      | Found an ornate altar of the Wu Jian Council.
  1650 | D:2      | Found a blossoming altar of Fedhas.
  2214 | D:2      | Slain by a worker ant

Illustrated notes

Levels and vault maps discovered:
D:1:      scummos_arrival_gate, layout_rooms, minmay_heptomino_o4
D:2:      layout_loops_cross, old_standard_altar, old_standard_altar,
          serial_bayou_lagoon_b
D:3:      kennysheep_goblin_castle, layout_rooms, old_standard_altar,
          nicolae_overflow_crystal_walls, general_overflow_altar

Skill      XL: |  1  2  3 |
---------------+----------+-----
Spellcasting   | 4 |  4.7
Conjurations   | 2 |  2.5
Fire Magic     | 4 |  4.1
Dodging        | |  2.5
Stealth        | |  2.7

Action                   |  1- 3 |  4- 6 || total
-------------------------+-------+-------++-------
Melee: Unarmed           |     3 |     3 ||     6
 Cast: Foxfire           |    91 |    44 ||   135
  Use: Potion            |       |     4 ||     4
Armor: Robe              |     3 |       ||     3
Dodge: Dodged            |     9 |     4 ||    13

Table legend: (Time is in decaauts)
 A = Elapsed time spent in this place.
 B = Non-inter-level travel time spent in this place.
 C = Inter-level travel time spent in this place.
 D = Time resting spent in this place.
 E = Time spent auto-exploring this place.
 F = Levels seen in this place.
 G = Mean time per level.
                   A        B        C        D        E       F      G
               +--------+--------+--------+--------+--------+-----+--------+
         Total |   2230 |   2186 |     44 |      0 |   1912 |   3 |  743.3 |
       Dungeon |   2230 |   2186 |     44 |      0 |   1912 |   3 |  743.3 |
               +--------+--------+--------+--------+--------+-----+--------+

Top non-repeatable levels by time:
     D:2: 1485 daAuts
     D:1: 726 daAuts
     D:3: 18 daAuts
